 Dungeon Crawl Stone Soup version 0.30-a0-358-g0d69a1922f (webtiles) character file.

Game seed: 8273447541989680895

72 flotson the Sneak (level 4, -2/35 HPs)
             Began as a Demonspawn Delver on Nov 10, 2022.
             Slain by an orc
             ... wielding a +0 flail
              (7 damage)
             ... on level 3 of the Dungeon.
             The game lasted 00:02:37 (588 turns).

flotson the Sneak (Demonspawn Delver)                Turns: 588, Time: 00:02:38

Health: -2/35      AC:  3    Str: 15    XL:     4   Next: 7%
Magic:  4/4        EV: 12    Int: 11    God:
Gold:   0          SH:  0    Dex: 14    Spells: 3/3 levels left

rFire   . . .      SeeInvis .    b - +0 sling
rCold   . . .      Faith    .    j - orb {light}
rNeg    . . .      Spirit   .    f - +0 leather armour
rPois   .          Reflect  .    (no helmet)
rElec   .          Harm     .    (no cloak)
rCorr   .          Rampage  .    (no gloves)
Will    .....                    (no boots)
Stlth   +.........               (no amulet)
HPRegen 0.25/turn                (no ring)
MPRegen 0.09/turn                (no ring)

@: glowing
A: weakness stinger 1
a: no special abilities


You were on level 3 of the Dungeon.
You visited 1 branch of the dungeon, and saw 3 of its levels.

Inventory:

Hand Weapons
 a - a +0 war axe
 b - a +0 sling (weapon)
 k - a +0 arbalest
Missiles
 d - 7 poisoned darts
Armour
 f - a +0 leather armour (worn)
 j - an orb of light (worn)
Wands
 g - a wand of digging (3)
Scrolls
 c - a scroll of fog
 e - a scroll of fear
Potions
 h - a potion of mutation {unknown}
 i - 2 potions of curing {unknown}


   Skills:
 + Level 3.5 Fighting
 - Level 1.7 Axes
 + Level 0.5 Throwing
 + Level 1.4 Armour
 + Level 2.4 Dodging
 - Level 4.5 Stealth
 + Level 1.5 Evocations


You had 3 spell levels left.
You didn't know any spells.
Your spell library contained the following spells:

 Spells                   Type           Power      Damage    Failure   Level
 Manifold Assault         Tloc           0%         N/A       99%         4
 Dispersal                Tloc           0%         N/A       100%        6
 Disjunction              Tloc           0%         N/A       100%        8


Dungeon Overview and Level Annotations

Branches:
Dungeon (5/15)             Temple (0/1) D:4

Altars:


Innate Abilities, Weirdness & Mutations

You have a small tail.


Message History

Press: ? - help, Q - select action, (/) - cycle Shift-Dir - straight line, f/p - adder
Aim: an adder (almost dead, haloed, 56% to hit)
You shoot a sling bullet. The sling bullet hits the adder.
You kill the adder!
You feel sick. The orc barely misses you.
You have reached level 4!
You feel stronger.
Fire: b) +0 sling
Press: ? - help, Q - select action, (/) - cycle Shift-Dir - straight line, f - orc
Aim: an orc, wielding a +0 flail (moderately wounded, haloed, 76% to hit)
You shoot a sling bullet. The sling bullet hits the orc.
You kill the orc!
You feel sick.
You feel sick.
You are no longer poisoned.
Things that are here:
a +0 flail; an orc corpse; an adder corpse You start resting.
HP restored.
There is a stone staircase leading down here.
You climb downwards.
You hear the sound of rushing water.
There is an entrance to a sewer on this level.
Hurry and find it before the portal rusts away!
You hear the slow rusting of a drain very nearby.
The quokka closely misses you.
The orc priest mumbles some strange prayers to Beogh against you.
Beogh smites you! The orc hits you with a +0 flail!
The quokka closely misses you.
There is a stone staircase leading up here.
The quokka misses you.
The orc priest calls down the wrath of Beogh upon you.
Beogh smites you!
* * * LOW HITPOINT WARNING * * *
The orc misses you.
You climb upwards.
There is a stone staircase leading down here.
The quokka closely misses you. The orc barely misses you.
The quokka misses you. The orc attacks as you move away!
The orc hits you with a +0 flail!
You die...

.. #.# #.# #.# #
#.# .####
#.###.....
#.#.......
#r@.#####
#>o.......
#..####.########
#...............
#.#####.#########
#.......)........
#.####.#####.....
#. ... #. .


You could see an orc and a quokka.

Vanquished Creatures
  A hound (D:5)
  An iguana (D:4)
  An adder (D:3)
  A dart slug (D:5)
  An orc (D:3)
  A giant cockroach (D:3)
  A kobold (D:4)
  A quokka (D:5)
8 creatures vanquished.

Notes
Turn   | Place    | Note
-------+----------+-------------------------------------------
     0 | D:5      | flotson the Demonspawn Delver began the quest for the Orb.
     0 | D:5      | Reached XP level 1. HP: 18/18 MP: 1/1
    49 | D:5      | Noticed a hound
    69 | D:5      | Killed a hound
    70 | D:5      | Reached skill level 1 in Armour
    70 | D:5      | Reached skill level 1 in Evocations
    70 | D:5      | Gained mutation: You have a small tail. [demonic ancestry]
    70 | D:5      | Reached XP level 2. HP: 14/24 MP: 2/2
    70 | D:5      | Reached XP level 3. HP: 17/29 MP: 3/3
   252 | D:5      | Noticed a necrophage
   420 | D:4      | HP: 1/29 [iguana (14)]
   429 | D:4      | Found a staircase to the Ecumenical Temple.
   473 | D:3      | Reached XP level 4. HP: 10/35 MP: 4/4
   588 | D:3      | Slain by an orc

Illustrated notes

Levels and vault maps discovered:
D:3:      layout_basic, grunt_ministairs_7
D:4:      layout_cave_pods, minmay_temple_entry_mist, serial_shops, shop,
          portal_sewer_entry_f
D:5:      layout_basic, serial_shops, kennysheep_mini

Skill      XL: |  1 |
---------------+----+-----
Armour         | 1 |  1.4
Dodging        | 2 |  2.4
Evocations     | 1 |  1.5
Fighting       | |  3.5
Axes           | |  1.7
Throwing       | |  0.5
Stealth        | |  4.5

Action                   |  1- 3 |  4- 6 || total
-------------------------+-------+-------++-------
Melee: Hand axe          |    16 |       ||    16
       War axe           |     6 |       ||     6
       Tailslap          |     1 |       ||     1
 Fire: Sling             |    18 |     1 ||    19
  Use: Potion            |     1 |       ||     1
       Scroll            |     1 |       ||     1
Armor: Leather armour    |     4 |       ||     4
Dodge: Dodged            |    29 |     7 ||    36

Table legend: (Time is in decaauts)
 A = Elapsed time spent in this place.
 B = Non-inter-level travel time spent in this place.
 C = Inter-level travel time spent in this place.
 D = Time resting spent in this place.
 E = Time spent auto-exploring this place.
 F = Levels seen in this place.
 G = Mean time per level.
                   A        B        C        D        E       F      G
               +--------+--------+--------+--------+--------+-----+--------+
         Total |    581 |    548 |     33 |    104 |    190 |   3 |  193.7 |
       Dungeon |    581 |    548 |     33 |    104 |    190 |   3 |  193.7 |
               +--------+--------+--------+--------+--------+-----+--------+

Top non-repeatable levels by time:
     D:5: 365 daAuts
     D:3: 129 daAuts
     D:4: 86 daAuts
